Workbook

Sheet Лист1
F1: Реестр социально ориентированных некоммерческих организаций - получателей поддержки
G2: в Каменск-Уральском городском округе в 2026 году
A3: =[1]Лист1!$A$4 -> Реквизиты реестровой записи | C3: =[1]Лист1!$C$4 -> Дата принятия решения об оказании поддержки или о прекра-щении оказания поддержки | D3: =[1]Лист1!$D$4 -> Сведения о социально ориентированных некоммерческих организациях - получателях государственной поддержки | I3: =[1]Лист1!$J$4 -> Сведения о предоставленной поддержке | L3: Сведения об использовании социально ориентированными некоммерческими организациями - получателей поддержки предоставленных мер государственной поддержки | M3: =[1]Лист1!$M$4 -> Информация (если имеется) о нарушениях, допущенных социально ориентированной некоммерческой организацией, получившей поддержку, в том числе о нецелевом использовании предоставленных средств и имущества | N3: Примечание
A4: =[1]Лист1!A5 -> № п/п | B4: =[1]Лист1!B5 -> дата включения в реестр | D4: =[1]Лист1!D5 -> полное и (если имеется) сокращенное наименование постоянно действующего органа некоммерческой организации, название организации | E4: =[1]Лист1!E5 -> почтовый адрес и электронный адреса, контактные телефоны, факс, фамилия, имя, отчество руководителя | F4: =[1]Лист1!F5 -> основной государственный регистрационный номер записи о государствен-ной регистрации некоммерческой организации (ОГРН) | G4: =[1]Лист1!G5 -> идентифика-ционный номер налогоплатель-щика | H4: =[1]Лист1!H5 -> виды деятельности некоммерческой организации | I4: =[1]Лист1!J5 -> вид государственной поддержки | J4: =[1]Лист1!K5 -> объем (размер) государственной поддержки, тыс. руб. | K4: =[1]Лист1!L5 -> срок оказания государственной поддержки
A5: 1 | B5: 2 | C5: 3 | D5: 4 | E5: 5 | F5: 6 | G5: 7 | H5: 8 | I5: 9 | J5: 10 | K5: 11 | L5: 12 | M5: 13 | N5: 14
A6: 1 | B6: 44447 | C6: Договор № 11 от 08.09.2021 | D6: Некоммерчсекое партнертсво Детско-юношеский спортивно-оздоровительный клуб "ЭЛИТА-СПОРТ" | E6: 623414, Свердловская область, город Каменск-Уральский, ул Лермонтова, д. 133, директор Сафронова Екатерина Сергеевна | F6: 1026600931719 | G6: 661213996858 | H6: =[1]Лист1!I25 -> Подготовка сборных команд мастеров по техническим видам спорта, предоставление услуг дополнительного образования | I6: =[1]Лист1!J25 -> безвозмездное пользование муниципальным имуществом | J6: безвозмездное пользование муниципальным имуществом: нежилым помещением общей площадью 1043,8 кв.м. | K6: 08.09.2021-07.09.2026 | L6: Предоставлен объект муниципальной собственности в безвозмездное пользование некоммерческой организации в целях использования по целевому назначению | M6: не имеется
A9: 2 | B9: 46093 | C9: Распоряжение Администрации городского округа от 12.03.2026 № 30-р | D9: Свердловская областная общественная организация Общероссийской общественной организации инвалидов "Всероссийской ордена Трудового Красного Знамени общество слепых" | E9: =[1]Лист1!E27 -> 623400 Свердловская область г. Каменск-Уральский, ул. Парковая, 17, председатель Лагунова Тамара Тихоновна, эл. адрес:sheshina.el@yandex.ru | F9: =[1]Лист1!F27 -> 1026600004870 | G9: =[1]Лист1!G27 -> 6659016317 | H9: =[1]Лист1!$I$27 -> Защита прав и интересов инвалидов по зрению, участие в определении реализации государственной политики в отношении инвалидов, содействие в реализации государственных полномочий в медицинской, профессиональной, социальной реабилитвации и интеграции, приобщение к труду, образованию, культуре и спорту, улучшение их материально-бытовых условий | I9: субсидия на частичное возмещение расходов за 4 квартал 2025 года | J9: 6.95 | K9: 1 квартал 2026 года | L9: Предоставлена субсидия из местного бюджета на возмещение финансовых затрат, связанных с осуществлением уставной деятельности социально ориентированной организации | M9: =$M$6 -> не имеется
A18: 3 | B18: 44397 | C18: Договор № 9 от 20.07.2021 | D18: =[1]Лист1!D32 -> Некоммерческое партнерство "Дзюдо" | E18: =[1]Лист1!E32 -> 623400 Свердловская область г.Каменск-Уральский, ул.Белинского,1а, руководитель Тылис Сергей Петрович, эл. адрес:tylis-kerama@bk.ru | F18: =[1]Лист1!F32 -> 1086600001070 | G18: =[1]Лист1!G32 -> 6612025820 | H18: =[1]Лист1!$I$32 -> Содействие развития массовых и индивидуальных форм физкультурно-оздоровительной и спортивной работы с детьми дошкольного и школьного возраста и других возрастов населения, профилактика заболеваний, укрепление здоровья, поддержание высокой работоспособности человека, воспитание патриотизма граждан, подготовке их к защите Родины, внедрение физической культуры и спорта в режим учебы, труда и отдыха граждан и пропаганда физической культуры и спорта по каналам теле- и радиовещания. | I18: =[1]Лист1!J32 -> безвозмездное пользование муниципальным имуществом | J18: =[1]Лист1!K32 -> безвозмездное пользование муниципальным имуществом: нежилым помещением общей площадью 236,8 кв.м. | K18: 20.07.2021 -19.07.2026 | L18: =$L$6 -> Предоставлен объект муниципальной собственности в безвозмездное пользование некоммерческой организации в целях использования по целевому назначению | M18: =[1]Лист1!M32 -> не имеется
A22: 4 | B22: 44805 | C22: Договор № 12 от 01.09.2022
A23: 5 | D23: =[1]Лист1!D39 -> Негосударственное образовательное учреждение дополнительного профессионального образования Каменск-Уральская спортивно-техническая школа "Румб" Регионального отделения Общероссийскойобщественно-государственной организации "ДОСААФ" СО | E23: 623400 Свердловская область, г. Каменск-Уральский ул. Рябова, 7 , Григорьева Надежда Юрьевна, и.о. начальника | F23: =[1]Лист1!F39 -> 1026600932710 | G23: =[1]Лист1!G39 -> 6612004122 | H23: =[1]Лист1!$I$39 -> Предоставление услуг дополнительного профессионального образования, проведение занятий по спортивно-техническим видам спорта, патриотическое воспитание, подготовка к службе в армии | I23: =[1]Лист1!J39 -> безвозмездное пользование муниципальным имуществом | J23: безвозмездное пользование муниципальным имуществом: нежилым помещением площадью 979,3 кв.м., земельным участком площадью 7894 кв.м. | K23: 01.09.2022-31.08.2027 | L23: =$L$18 -> Предоставлен объект муниципальной собственности в безвозмездное пользование некоммерческой организации в целях использования по целевому назначению | M23: =[1]Лист1!M39 -> не имеется
B24: =#REF! -> #REF! | C24: =#REF! -> #REF!
A25: 6 | B25: 45082 | C25: Договор № 6 от 05.06.2023 | D25: =[1]Лист1!D40 -> Некоммерческая организация "Благотворительный фонд "Город милосердия" | E25: =[2]Лист1!$E$41 -> 623400 Свердловская область г. Каменск-Уральский, ул. Ленина, 115 Президент Дегтянников Игорь Германович | F25: =[1]Лист1!F40 -> 1056600673843 | G25: =[1]Лист1!G40 -> 6612017851 | H25: =[1]Лист1!$I$40 -> Благотворительная деятельность; оказание материальной и иной помощи всем категориям социально незащищенных лиц, независимо от их национальности, гражданства, вероисповедания; содействие деятельности в области профилактики и охраны здоровья граждан, пропаганды здорового образа жизни, улучшения морально-психологического здоровья граждан; организация необходимой медицинской и психологической помощи лицам, страдающим наркотической, алкогольной и токсической зависимостью, содействие их трудоустройству; оказание юридической помощи лицам, страдающим наркоманией, токсикоманией и алкоголизмом и членам их семей; сотрудничество с организациями всех форм собственности, гражданами и молодежными объединениями, участвующими в реализации программ Фонда; организация профилактической работы с детьми, подростками, молодежью и родителями; Организация просветительской и научно-методической работы; социальная реабилитация лиц, отбывших наказание в местах лишения свободы; забота о детях-инвалидах: помощь в реабилитации, обучении, трудоустройстве, участие в их социальной жизни; забота о детях, оставшихся без попечения родителей; создание приютов и ночлежек для бездомных и лиц, нуждающихся в помощи; оказание помощи пенсионерам лекарственными средствами и продуктами питания; оказание материальной помощи несовершеннолетним, беженцам, бездомным и другим нуждающимся; обеспечение трудовыми местами беженцев, вынужденных переселенцев и иных категорий социально незащищенных трудоспособных лиц; осуществление торгово-посреднических и иных коммерческих операций для использования полученных доходов в благотворительных целях, оговоренных в Уставе; создание хозяйственных обществ, а также участие в них; издательская деятельность; организация культурных, спортивных, развлекательных и иных массовых мероприятий | I25: =[1]Лист1!J40 -> безвозмездное пользование муниципальным имуществом | J25: =[1]Лист1!K40 -> безвозмездное пользование муниципальным имуществом: нежилым помещением общей площадью 250,1 кв.м. | K25: 08.09.2021-07.09.2026 | L25: =$L$18 -> Предоставлен объект муниципальной собственности в безвозмездное пользование некоммерческой организации в целях использования по целевому назначению | M25: =[1]Лист1!M40 -> не имеется
B26: 45057 | C26: Договор № 14 от 05.06.2024 | I26: =$I$25 -> безвозмездное пользование муниципальным имуществом | J26: безвозмездное пользование муниципальным имуществом: нежилым помещением общей площадью 283 кв.м. | K26: 05.06.2024-04.06.2027 | L26: =$L$18 -> Предоставлен объект муниципальной собственности в безвозмездное пользование некоммерческой организации в целях использования по целевому назначению | M26: =$M$25 -> не имеется
B28: 46122 | C28: Распоряжение А/дминистрации городского округа от 14.04.2026 № 65-р | I28: =[6]Лист1!$I$30 -> субсидия на организацию и проведение социально значимого проекта | J28: 50 | K28: 2 квартал 2026 года | L28: Реализация социально значимого проекта "Дедов достойные сыны" | M28: не имеется
A29: 7 | B29: =[2]Лист1!B52 -> 44651 | C29: =[2]Лист1!C52 -> Договор № 4 от 31.03.2022 | D29: =[1]Лист1!D45 -> Религиозная организация "Каменская Епархия Русской Православной Церкви (Московский Патриархат)" | E29: =[1]Лист1!E45 -> 623418 г. Каменск-Уральский, ул. Кирова,18 | F29: =[1]Лист1!F45 -> 1116699000021 | G29: =[1]Лист1!G45 -> 6612037110 | H29: =[1]Лист1!$I$45 -> религиозная деятельность | I29: =[3]Лист1!I44 -> безвозмездное пользование муниципальным имуществом | J29: безвозмездное пользование муниципальным имуществом: нежилым помещением общей площадью 166,6 кв.м. | K29: 31.03.2022-30.03.2027 | L29: =$L$18 -> Предоставлен объект муниципальной собственности в безвозмездное пользование некоммерческой организации в целях использования по целевому назначению | M29: =[3]Лист1!M44 -> не имеется
B30: =[2]Лист1!B53 -> 45063 | C30: =[2]Лист1!C53 -> Договор № 5 от 17.05.2023 | I30: =[1]Лист1!J47 -> безвозмездное пользование муниципальным имуществом | J30: безвозмездное ползование муниципальным имуществом, нежилым помещением общей площадью 188,5 кв.м. | K30: 17.05.2023-16.05.2028 | L30: =$L$18 -> Предоставлен объект муниципальной собственности в безвозмездное пользование некоммерческой организации в целях использования по целевому назначению | M30: =[1]Лист1!M47 -> не имеется
A33: 8 | B33: 45041 | C33: Договор № 1 от 28.02.2025 | D33: =[1]Лист1!D51 -> Каменск-Уральское отделение Межрегиональной общественной организации "Союз десантников" | E33: 623401 Свердловская область г. Каменск-Уральский Проспект Победы 38-82 председатель Давыдов Владимир Николаевич | F33: =[1]Лист1!F51 -> 1126600005256 | G33: =[1]Лист1!G51 -> 6612998731 | H33: =[1]Лист1!$I$51 -> патриотическое воспитание и содействие в подготовке граждан РФ к военной службе; социальная поддержка и защита членой организации. | I33: =[2]Лист1!I58 -> безвозмездное пользование муниципальным имуществом | J33: =[2]Лист1!J58 -> безвозмездное пользование муниципальным имуществом: нежилым помещением площадью 63 кв.м. | K33: 28.02.2025-27.02.2030 | L33: =[2]Лист1!L58 -> Предоставлен объект муниципальной собственности в безвозмездное пользование некоммерческой организации в целях использования по целевому назначению | M33: =[2]Лист1!M58 -> не имеется
B40: 46093 | C40: Распоряжение Администрации городского округа от 26.02.2025 № 37-р | I40: =$I$9 -> субсидия на частичное возмещение расходов за 4 квартал 2025 года | J40: 20 | K40: =$K$9 -> 1 квартал 2026 года | L40: =$L$9 -> Предоставлена субсидия из местного бюджета на возмещение финансовых затрат, связанных с осуществлением уставной деятельности социально ориентированной организации | M40: =$M$33 -> не имеется
B41: 46122 | C41: Распоряжение Администрации городского округа от 14.04.2026 № 65-р | I41: =$I$28 -> субсидия на организацию и проведение социально значимого проекта | J41: 50 | K41: 2 квартал 2026 года | L41: Реализация социально значимого проекта "сыны отчизны" | M41: не имеется
A42: 9 | B42: =[2]Лист1!B69 -> 45063 | C42: =[2]Лист1!C69 -> Договор № 4 от 17.05.2023 | D42: =[1]Лист1!D88 -> Свердловская региональная общественная организация социальной поддержки уязвимых людей «Источник добра» | E42: =[1]Лист1!E88 -> 623414 Свердловская область г. Каменск-Уральский ул. Клубная, 10а, руководитель Бурко Евгений Юрьевич | F42: =[1]Лист1!F88 -> 1126600003122 | G42: =[1]Лист1!G88 -> 6612998717 | H42: =[1]Лист1!$I$88 -> Содействие пожилым и малообеспеченным людям, членам неблагополучных семей, детям-инвалидам, многодетным семьям и людям, оказавшимся в трудной жизненной ситуации, в предупреждении и облегчении их страданий; содействие уязвимым людям в удовлетворении их разносторонних творческих, познавательных, информационных и иных духовных потребностей, в повышении их интеллектуального и культурного уровня и духовного развития личности; содействие уязвимым людям в вопросах защиты жизни, охраны здоровья, улучшения морально-психологического состояния, оптимизация внутреннего потенциала и приобщения к здоровому образу жизни, содействие уязвимым людям в организации досуга и отдыха, в повышении их жизненной активности, в расширении их круга общения и увеличения количества социальных связей; защита прав и законных интересов членов организации. | I42: =$I$33 -> безвозмездное пользование муниципальным имуществом | J42: безвозмездное пользование муниципальным имуществом: нежилым помещением общей площадью 26,4 кв.м. | K42: 17.05.2023-16.05.2028 | L42: =$L$18 -> Предоставлен объект муниципальной собственности в безвозмездное пользование некоммерческой организации в целях использования по целевому назначению | M42: не имеется
I43: =$I$42 -> безвозмездное пользование муниципальным имуществом | J43: безвозмездное пользование мунципальным имуществом: нежилым помещением общей площадью 59,8 кв.м. | K43: 07.11.2020-06.11.2025 | L43: =$L$42 -> Предоставлен объект муниципальной собственности в безвозмездное пользование некоммерческой организации в целях использования по целевому назначению | M43: не имеется
B48: 45057 | C48: =$C$33 -> Договор № 1 от 28.02.2025
B49: 45968 | C49: Договор № 10 от 07.11.2025 | I49: =[2]Лист1!I71 -> безвозмездное пользование муниципальным имуществом | J49: =[2]Лист1!$J$71 -> безвозмездное пользование мунципальным имуществом: нежилым помещением общей площадью 59,8 кв.м. | K49: 07.11.2025-06.11.2030 | L49: =[2]Лист1!L71 -> Предоставлен объект муниципальной собственности в безвозмездное пользование некоммерческой организации в целях использования по целевому назначению | M49: =[2]Лист1!M71 -> не имеется
B50: 46122 | C50: Распоряжение Администрации городского округа от 14.04.2026 № 65-р | I50: субсидия на организацию и проведение социально значимого проекта | J50: 50 | K50: 2 квартал 2026 года | L50: Реализация социально значимого проекта "Подари жизнь, посвященного Дню донора крови" | M50: =$M$51 -> не имеется
B51: 46093 | C51: =$C$9 -> Распоряжение Администрации городского округа от 12.03.2026 № 30-р | I51: =$I$9 -> субсидия на частичное возмещение расходов за 4 квартал 2025 года | J51: 17.56 | K51: =$K$40 -> 1 квартал 2026 года | L51: =$L$40 -> Предоставлена субсидия из местного бюджета на возмещение финансовых затрат, связанных с осуществлением уставной деятельности социально ориентированной организации | M51: =$M$49 -> не имеется
A52: 10 | D52: Каменск-Уральская городская просветительская общественная организация «Общество Знание» | E52: 623400, Свердловская область, г. Каменск-Уральский, ул. Ленина, 36. Председатель Общества Бекленищева Анастасия Михайловна, znanie_kamensk@mail.ru | F52: =[1]Лист1!F93 -> 1036605620589 | G52: =[1]Лист1!G93 -> 6612001202 | H52: =[1]Лист1!$I$93 -> Образовательная, просветительская, информационная, разъяснительная и консалтинговая деятельность для удовлетворения разносторонних образовательных, профессиональных, познавательных, культурных и других потребностей населения; содействие всесторонней модернизации экономики, основанной на ценностях и институтах демократии, производящей уникальные знания, вещи и технологии, полезные людям; содействие достижению Российской Федерации высокого уровня в экономической, социальной, научно-технической сферах, в построении гражданского общества через распространение научных знаний и проведение в широких масштабах просветительской и образовательной работы; повышение профессиональных знаний специалистов, совершенствования их деловых качеств, подготовки их к выполнению новых трудовых функций; повышение средствами просветительской работы гуманитарной и духовно-нравственной культуры народов России; благотворительная и социально-значимая деятельность. | I52: =$I$43 -> безвозмездное пользование муниципальным имуществом | J52: безвозмездное пользование муниципальным имуществом: нежилым помещением общей площадью 16,4 кв.м. | K52: 19.07.2023-18.07.2028 | L52: =$L$43 -> Предоставлен объект муниципальной собственности в безвозмездное пользование некоммерческой организации в целях использования по целевому назначению | M52: =$M$43 -> не имеется
B56: 45057 | C56: =$C$48 -> Договор № 1 от 28.02.2025
B57: =[2]Лист1!B82 -> 45125 | C57: Договор № 69 от 18.07.2023 | I57: =[2]Лист1!I82 -> безвозмездное пользование муниципальным имуществом | J57: =[2]Лист1!J82 -> безвозмездное пользование муниципальным имуществом: нежилым помещением общей площадью 16,4 кв.м. | K57: =[2]Лист1!K82 -> 19.07.2023-18.07.2028 | L57: =[2]Лист1!L82 -> Предоставлен объект муниципальной собственности в безвозмездное пользование некоммерческой организации в целях использования по целевому назначению | M57: =[2]Лист1!M82 -> не имеется
B61: 46093 | C61: =$C$51 -> Распоряжение Администрации городского округа от 12.03.2026 № 30-р | I61: =$I$51 -> субсидия на частичное возмещение расходов за 4 квартал 2025 года | J61: 10.3 | K61: =$K$51 -> 1 квартал 2026 года | L61: =$L$51 -> Предоставлена субсидия из местного бюджета на возмещение финансовых затрат, связанных с осуществлением уставной деятельности социально ориентированной организации | M61: =$M$62 -> не имеется
A62: 11 | D62: Некоммерческая организация Каменск-Уральское хуторское казачье общество «Казачья застава» | E62: =[1]Лист1!E114 -> 623400, г. Каменск-Уральский, ул.Февральской революции, д.13, атаман Сумин Владимир Геннадьевич, atamansumin@yandex.ru | F62: 1126600000988 | G62: 6612998682 | H62: Возрождение Российского казачества, защита его прав, сохранение традиционных образа жизни, хозяйствования и культуры Российского качества | I62: =$I$57 -> безвозмездное пользование муниципальным имуществом | J62: безвозмездное пользование муниципальным имуществом: нежилым помещением общей площадью 8,5 кв.м. | K62: 11.06.2022-10.06.2027 | L62: =$L$18 -> Предоставлен объект муниципальной собственности в безвозмездное пользование некоммерческой организации в целях использования по целевому назначению | M62: не имеется
B69: =[2]Лист1!B94 -> 44723 | C69: =[2]Лист1!C94 -> Договор № 6 от 11.06.2022
B71: 46093 | C71: =$C$61 -> Распоряжение Администрации городского округа от 12.03.2026 № 30-р | I71: =$I$61 -> субсидия на частичное возмещение расходов за 4 квартал 2025 года | J71: 8.07 | K71: =$K$61 -> 1 квартал 2026 года | L71: =$L$61 -> Предоставлена субсидия из местного бюджета на возмещение финансовых затрат, связанных с осуществлением уставной деятельности социально ориентированной организации | M71: =$M$62 -> не имеется
B72: 46122 | C72: Распоряжение Администрации городского округа от 14.04.2026 № 65-р | I72: =$I$50 -> субсидия на организацию и проведение социально значимого проекта | J72: 49.88 | K72: 2 квартал 2026 года | L72: Реализация социально значимого проекта "VIII городские казачьи игры "Казачья застава" | M72: не имеется
A73: 12 | D73: Автономная некоммерческая организация "Городской центр информационных, социальных и правовых услуг "Виртуальный Каменск" | E73: 623428, г. Каменск-Уральский, ул. Кирова 23, кв. 98, Четыркин Тимофей Иванович, эл.адрес: time@k-ur.ru | F73: 1116600005059 | G73: 6612998650 | H73: Оказание гражданам и организациям информационных, социальных и правовых услуг, услуг в сфере содействия развитию современных цифровых информационных технологий | I73: =$I$62 -> безвозмездное пользование муниципальным имуществом | J73: безвозмездное пользование муниципальным имуществом: нежилым помещением общей площадью 77,9 кв.м. | K73: 03.07.2021-02.07.2026 | L73: =#REF! -> #REF! | M73: не имеется
B76: 45057 | C76: =$C$69 -> Договор № 6 от 11.06.2022
B77: =[2]Лист1!B107 -> 44380 | C77: =[2]Лист1!C107 -> Договор № 8 от 03.07.2021
B78: =[4]Лист1!$B$97 -> 44380 | C78: =[4]Лист1!$C$97 -> Договор № 8 от 03.07.2021 | I78: =[2]Лист1!I107 -> безвозмездное пользование муниципальным имуществом | J78: =[2]Лист1!J107 -> безвозмездное пользование муниципальным имуществом: нежилым помещением общей площадью 77,9 кв.м. | K78: =[2]Лист1!K107 -> 03.07.2021-02.07.2026 | L78: =[2]Лист1!L107 -> Предоставлен объект муниципальной собственности в безвозмездное пользование некоммерческой организации в целях использования по целевому назначению | M78: =[2]Лист1!M107 -> не имеется
B79: 46093 | C79: =$C$71 -> Распоряжение Администрации городского округа от 12.03.2026 № 30-р | I79: =$I$71 -> субсидия на частичное возмещение расходов за 4 квартал 2025 года | J79: 9.23 | K79: =$K$71 -> 1 квартал 2026 года | L79: =$L$71 -> Предоставлена субсидия из местного бюджета на возмещение финансовых затрат, связанных с осуществлением уставной деятельности социально ориентированной организации | M79: =$M$62 -> не имеется
A80: 13 | B80: 45484 | C80: Договор № 16 от 11.07.2024 | D80: Автономная некоммерческая организация "Центр культуры, спорта и развития территории города Каменска-Уральского "Синара" | E80: 623418, Свердловская область, г. Каменск-Уральский, ул. Карла Маркса, д. 40А, директор Вешкурцев Александр Николаевич | F80: 1136600003143 | G80: 6612998820 | H80: Организация и проведение спортивных, культурно-массовых мероприятий, организация работы кружков, секций для разных возрастных категорий, учебно-образовательных процессов | I80: =[2]Лист1!I116 -> безвозмездное пользование муниципальным имуществом | J80: =[2]Лист1!J116 -> безвозмездное пользование муниципальным имуществом: нежилым помещением общей площадью 198,7 кв.м. | K80: =[2]Лист1!K116 -> 03.10.2023-02.10.2028 | L80: =[2]Лист1!L116 -> Предоставлен объект муниципальной собственности в безвозмездное пользование некоммерческой организации в целях использования по целевому назначению | M80: =[2]Лист1!M116 -> не имеется
I81: =$I$80 -> безвозмездное пользование муниципальным имуществом | J81: безвозмездное пользование муниципальным имуществом: нежилым помещением общей площадью 540,3 кв.м. | K81: 11.07.2024-10.07.2029 | L81: =$L$80 -> Предоставлен объект муниципальной собственности в безвозмездное пользование некоммерческой организации в целях использования по целевому назначению | M81: =$M$80 -> не имеется
B82: 45505 | C82: Договор № 19 от 01.08.2024
A83: 14 | B83: =[4]Лист1!$B$104 -> 45505 | C83: =[4]Лист1!$C$104 -> Договор № 19 от 01.08.2024 | D83: Автономная некоммерческая организация поддержки семей с детьми, страдающими детским церебральным параличом и заболеваниями опорно-двигательного аппарата "Седьмой лепесток" | E83: 623400, г. Каменск-Уральский, ул. Карла Маркса, д.26, кв. 47 директор Вощикова Анна Петровна | F83: 1176600001456 | G83: 6612051806 | H83: Оказание детям, страдающим детским церебральным параличом и заболеваниями опорно-двигательного аппарата услуг, направленных на их абилитацию и реабилитацию, улучшение качества их жизни | I83: =$I$80 -> безвозмездное пользование муниципальным имуществом | J83: безвозмездное пользование муниципальным имуществом: нежилым помещением общей площадью 48,5 кв.м. | K83: 01.08.2024-31.07.2027 | L83: =$L$80 -> Предоставлен объект муниципальной собственности в безвозмездное пользование некоммерческой организации в целях использования по целевому назначению | M83: не имеется
B86: 45057 | C86: =$C$76 -> Договор № 6 от 11.06.2022
B87: 45509 | C87: =#REF! -> #REF!
B88: 46093 | C88: =$C$79 -> Распоряжение Администрации городского округа от 12.03.2026 № 30-р | I88: =$I$79 -> субсидия на частичное возмещение расходов за 4 квартал 2025 года | J88: 5.6 | K88: =$K$79 -> 1 квартал 2026 года | L88: =$L$9 -> Предоставлена субсидия из местного бюджета на возмещение финансовых затрат, связанных с осуществлением уставной деятельности социально ориентированной организации | M88: =$M$110 -> не имеется
A92: 15 | D92: Каменск-Уральская местная общественная организация ветеранов войны, труда, боевых действий, государственной службы, пенсионеров | E92: 623400, г. Каменск-Уральский, ул. Ленина, 32, председатель Никифоров Яков Кузьмич | F92: 1036605620347 | G92: 6612005101 | H92: Защита общих интересов и законных прав ветеранов войны, труда, боевых действий, государственной и муниципальной службы, пенсионеров, обеспечение достойного положения старшего поколения в обществе | I92: =$I$83 -> безвозмездное пользование муниципальным имуществом | J92: безвозмездное пользование муниципальным имуществом: нежилым помещением общей площадью 49 кв.м. | K92: 16.09.2020-15.09.2025 | L92: =$L$83 -> Предоставлен объект муниципальной собственности в безвозмездное пользование некоммерческой организации в целях использования по целевому назначению | M92: не имеется
B93: =[2]Лист1!B128 -> 44090 | C93: =[2]Лист1!C128 -> Договор № 3 от 16.09.2020 | G93: =[2]Лист1!$G$128 -> 6612005101 | H93: Защита общих интересов и законных прав ветеранов войны, труда, боевых действий, государственной и муниципальной службы, пенсионеров, обеспечение достойного положения старшего поколения в обществе
B94: 45926 | C94: Договор № 1 от 26.09.2025 | I94: =$I$83 -> безвозмездное пользование муниципальным имуществом | J94: безвозмездное пользование муниципаотным имуществом: нежилым помещением общей площадью 49 кв.м. | K94: 26.09.2025 - 25.09.2030 | L94: =$L$83 -> Предоставлен объект муниципальной собственности в безвозмездное пользование некоммерческой организации в целях использования по целевому назначению | M94: =$M$88 -> не имеется
B95: 46093 | C95: =$C$88 -> Распоряжение Администрации городского округа от 12.03.2026 № 30-р | I95: =$I$88 -> субсидия на частичное возмещение расходов за 4 квартал 2025 года | J95: 7.46 | K95: =$K$88 -> 1 квартал 2026 года | L95: =$L$88 -> Предоставлена субсидия из местного бюджета на возмещение финансовых затрат, связанных с осуществлением уставной деятельности социально ориентированной организации | M95: =$M$94 -> не имеется
B96: 46122 | C96: Распоряжение Администрации городского округа от 14.04.2026 № 65-р | I96: субсидия на организацию и проведение социально значимого проекта | J96: 49.59 | K96: 2 квартал 2026 года | L96: Реализация социально-значимого проекта "Народы России по знаменем Победы" | M96: не имеется
A97: 16 | B97: 45804 | C97: Договор № 5 от 27.05.2025 | D97: Каменск-Уральская городская общественная организация «Школа бокса «Гонг Победы» имени А.Ф. Николаева | E97: 623414, г. Каменск-Уральский, ул. Лермонтова, д.64, кв. 26, Председатель - Суворов Александр Васильевич | F97: 1176658118053 | G97: 6612052655 | H97: Попяляризация и развитие детского спорта для повышения интересов детей к занятию физической культурой и спортом в области спортивно-оздоровительной и досуговой деятельности | I97: безвозмездное пользование муниципальным имуществом | J97: безвозмездное пользование муниципальным имуществом: нежилым помещением общей площадью 454,9 кв.м. | K97: 27.05.2025 -26.05.2030 | L97: =$L$83 -> Предоставлен объект муниципальной собственности в безвозмездное пользование некоммерческой организации в целях использования по целевому назначению | M97: не имеется
A110: 17 | D110: Местная общественная организация "Федерация хоккея г. Каменск-Уральский 40+" | E110: 623418, г. Каменск-Уральский, ул. Головина, д.25, офис 3, президент Красноселов Александр Анатольевич | F110: 1206600021506 | G110: 6612055254 | H110: Развитие, пропаганда и популяризация хоккея как вида спорта, повышение роли физической культуры и спорта во всестороннем и гармоничном развитии личности, повышение престижа и представления интересов хоккея в г. Каменске-Уральском | I110: =$I$97 -> безвозмездное пользование муниципальным имуществом | J110: безвозмездное пользование муниципальным имуществом: нежилым помещением площадью 291, 4 кв.м, земельным участком площадью 3017 кв.м. | K110: 25.02.2022-24.02.2027 | L110: =$L$97 -> Предоставлен объект муниципальной собственности в безвозмездное пользование некоммерческой организации в целях использования по целевому назначению | M110: =$M$97 -> не имеется
B114: =[2]Лист1!B159 -> 44617 | C114: =[2]Лист1!C159 -> Договор № 1 от 25.02.2022
I115: =#REF! -> #REF! | J115: 15,00 руб. | K115: =#REF! -> #REF! | L115: =#REF! -> #REF! | M115: =#REF! -> #REF!
B117: =#REF! -> #REF! | C117: =#REF! -> #REF!
B118: 46093 | C118: =$C$95 -> Распоряжение Администрации городского округа от 12.03.2026 № 30-р | I118: =$I$95 -> субсидия на частичное возмещение расходов за 4 квартал 2025 года | J118: 20 | K118: =$K$95 -> 1 квартал 2026 года | L118: =$L$95 -> Предоставлена субсидия из местного бюджета на возмещение финансовых затрат, связанных с осуществлением уставной деятельности социально ориентированной организации
A119: 18 | B119: =$B$118 -> 46093 | C119: =$C$118 -> Распоряжение Администрации городского округа от 12.03.2026 № 30-р | D119: Свердловская областная общественная организация "Клуб служебного собаководства" | E119: =[5]Лист1!E54 -> 623400 Свердловская область, г.Каменск-Уральский ул.Ленина 11, руководитель Метлева Лариса федоровна, эл. адрес:kukcc@mail.ru | F119: =[5]Лист1!F54 -> 1036605632293 | G119: =[5]Лист1!G54 -> 6612005951 | H119: =[5]Лист1!H54 -> Оказание помощи членам Организации и иным гражданам в приобретении собак, кормов для них, снаряжения, литературы по собаководству, лекарственных средств; организация племенной работы в служебном собаководстве; подготовка и совершенствование общественных кадров (инструкторов по служебному собаководству); обучение членов Организации и иных граждан по соответствующим программам; подготовка и передача собак в установленном порядке гражданам и организациям; пропаганда служебного собаководства; организация подготовки судей зоотехнических и спортивных мероприятий с участием собак | I119: =$I$118 -> субсидия на частичное возмещение расходов за 4 квартал 2025 года | J119: 20 | K119: =$K$118 -> 1 квартал 2026 года | L119: =$L$9 -> Предоставлена субсидия из местного бюджета на возмещение финансовых затрат, связанных с осуществлением уставной деятельности социально ориентированной организации | M119: =$M$110 -> не имеется
A123: 19 | B123: 45968 | C123: Договор № 11 от 07.11.2025 | D123: Автономная некоммерческая организация помощи различным категориям населения и профилактики социально значимых заболеваний "Белый слон" | E123: 623401, Свердловская область, г. Каменск-Уральский, ул.Карла Маркса, д. 75, кв. 5 Директор Коротаев Андрей Константинович | F123: 1236600054096 | G123: 6612058583 | H123: Предоставление услуг, направленных на оказание помощи различным категориям населения и профилактику социально значимых заболеваний | I123: =$I$110 -> безвозмездное пользование муниципальным имуществом | J123: безвозмездное пользование муниципальным имуществом: помещением общей площадью 91,0 кв.м. | K123: 07.11.2025-06.11.2028 | L123: =$L$110 -> Предоставлен объект муниципальной собственности в безвозмездное пользование некоммерческой организации в целях использования по целевому назначению | M123: =$M$110 -> не имеется
B124: =B119 -> 46093 | C124: =C119 -> Распоряжение Администрации городского округа от 12.03.2026 № 30-р | I124: =$I$119 -> субсидия на частичное возмещение расходов за 4 квартал 2025 года | J124: 6.02 | K124: =$K$119 -> 1 квартал 2026 года | L124: =$L$119 -> Предоставлена субсидия из местного бюджета на возмещение финансовых затрат, связанных с осуществлением уставной деятельности социально ориентированной организации | M124: =$M$123 -> не имеется
A125: 20 | B125: 45748 | C125: Договор № 12 от 01.04.2024 | D125: Благотворительный фонд "Фонд ветеранов и инвалидов боевых действий и военной травмы" | E125: 623409, Свердловская область, г. Каменск-Уральский, ул. Ленина, д.33. Президент Дябин Владимир Евгеньевич | F125: 1116600002738 | G125: 6612998523 | H125: Поддержка инициатив ветеранов и инвалидов и их семей и семей погибших в боевых действиях, объединений и движений, юридичексих лиц, направленных на решение социальных, благотворительных, культурных, образовательных, патриотических проблем. | I125: =$I$123 -> безвозмездное пользование муниципальным имуществом | J125: безвозмездное пользование мунициапльным имуществом: помещением общей площадью 69,1 кв.м. | K125: 01.04.2025-31.03.2030 | L125: =$L$123 -> Предоставлен объект муниципальной собственности в безвозмездное пользование некоммерческой организации в целях использования по целевому назначению | M125: =$M$123 -> не имеется
B126: 46092 | C126: Договор № 1 от 11.03.2026 | I126: =$I$125 -> безвозмездное пользование муниципальным имуществом | J126: безвозмездное пользование муниципальным имуществом: помещением общей площадью 83,8 кв.м. | K126: 11.03.2026-10.03.2029 | L126: =$L$125 -> Предоставлен объект муниципальной собственности в безвозмездное пользование некоммерческой организации в целях использования по целевому назначению | M126: =$M$125 -> не имеется
B127: 46002 | C127: Договор № 12 от 11.12.2025 | I127: =$I$125 -> безвозмездное пользование муниципальным имуществом | J127: безвозмездное пользование муниципальным имуществом: помещениями общей площадью 95,3 кв.м. | K127: 11.12.2025-10.12.2026 | L127: =$L$126 -> Предоставлен объект муниципальной собственности в безвозмездное пользование некоммерческой организации в целях использования по целевому назначению | M127: =$M$126 -> не имеется
B128: 46092 | C128: Договор № 2 от 11.03.2026 | I128: =$I$127 -> безвозмездное пользование муниципальным имуществом | J128: безвозмездное пользование муниципальным имуществом: помещениями общей площадью 71,8 кв.м. | K128: 11.03.2026-10.03.2027 | L128: =$L$127 -> Предоставлен объект муниципальной собственности в безвозмездное пользование некоммерческой организации в целях использования по целевому назначению | M128: =$M$127 -> не имеется
A129: 21 | B129: 45848 | C129: Договор № 8 от 10.07.2025 | D129: Фонд содействия патриотическому воспитанию молодежи "Рубикон" г. Каменск-Уральский | E129: 623412, Свердловская область, г. Каменск-Уральский, ул. Средняя, д.9.кв.5. Директор Шишков Александр Анатольевич | F129: 1156600001777 | G129: 6612047937 | H129: Формирование у молодежи патриотического сознания, развитие и совершенствование системы патриотического воспитания граждан. | I129: =$I$126 -> безвозмездное пользование муниципальным имуществом | J129: безвозмездное пользование муниципальным имуществом: помещением общей площадью 75,2 кв.м. | K129: 10.07.2025-09.07.2028 | L129: =$L$126 -> Предоставлен объект муниципальной собственности в безвозмездное пользование некоммерческой организации в целях использования по целевому назначению | M129: =$M$126 -> не имеется
A130: 22 | B130: 46108 | C130: Договор № 5 от 27.03.2026 | D130: Автономная некоммерческая организация «Каменск-Уральский Фонд национальной культуры Александра Невского Дело чести» | E130: 623404, Свердловская область, г. Каменск-Уральский, дер. Монастырка, ул. Первомайская, д.50, директор Тетюков Александр Викторович | F130: 1226600078638 | G130: 6612057935 | H130: Предоставление услуг по развитию национальной культуры и общественно полезной деятельности путем содействия образованию, просвещению и популяризации науки и научных знаний, патриотическому и духовно-нравственному воспитанию граждан, укреплению престижа семьи и традиционных семейных ценностей, развитию краеведения, в том числе экологического и внутреннего туризма | I130: =$I$129 -> безвозмездное пользование муниципальным имуществом | J130: безвозмездное пользование муниципальным имуществом: помещениями общей площадью 103,1 кв.м. | K130: 27.03.2026-26.03.2027 | L130: =$L$129 -> Предоставлен объект муниципальной собственности в безвозмездное пользование некоммерческой организации в целях использования по целевому назначению | M130: =$M$129 -> не имеется
A131: 23 | B131: 46122 | C131: Распоряжение Администрации городского округа от 14.04.2026 № 65-р | D131: =[6]Лист1!$D$159 -> Каменск-Уральской городской культурно-просветительской общественной организации «Книга» | E131: 623400, Свердловская область, г. Каменск-Уральский, ул. Ленина, д. 36, 16, Председатель Правления Папуловских Ирина Марсовна | F131: =[6]Лист1!F159 -> 1026600005893 | G131: =[6]Лист1!G159 -> 6612006225 | H131: =[6]Лист1!$H$159 -> Повышение образовательного и культурного уровня населения, реализация образовательных, информационных, просветительских , научно-исследовательских и иных программ. | I131: =$I$72 -> субсидия на организацию и проведение социально значимого проекта | J131: 49.5 | K131: 2 квартал 2026 года | L131: Реализация социально значимого проекта "Пушкинский день России" | M131: не имеется

Sheet Лист2

Sheet Лист3
